 Dungeon Crawl Stone Soup version 0.18-a0-1164-g7046a04 (webtiles) character file.

65 Kidiri the Conjurer (level 3, -7/20 HPs)
             Began as a Deep Elf Conjurer on Jan 25, 2016.
             Mangled by a wight
             ... wielding a +2 vampiric battleaxe
              (12 damage)
             ... on level 3 of the Dungeon.
             The game lasted 00:06:08 (1987 turns).

Kidiri the Conjurer (Deep Elf Conjurer)             Turns: 1987, Time: 00:06:08

Health: -7/20      AC:  4    Str:  5    XL:     3   Next: 94%
Magic:  6/10       EV: 12    Int: 24    God:
Gold:   97         SH:  0    Dex: 15    Spells: 3 memorised, 4 levels left

rFire  . . .     SeeInvis .     o - +0 spear
rCold  . . .     Gourm    .     t - +0 leather armour
rNeg   . . .     Faith    .     (no shield)
rPois  .         Spirit   .     (no helmet)
rElec  .         Dismiss  .     j - +0 cloak
rCorr  .         Reflect  .     (no gloves)
SustAt .         Harm     .     (no boots)
MR     .....                    (no amulet)
Stlth  ++........               (no ring)
                                n - +4 ring of intelligence

@: drained, not resistant to hostile enchantments, unstealthy
A: no striking features
a: no special abilities


You were on level 3 of the Dungeon.
You were not hungry.

You visited 1 branch of the dungeon, and saw 3 of its levels.

You collected 97 gold pieces.

Inventory:

Hand Weapons
 o - a +0 spear (weapon)
Armour
 a - a +0 robe
 j - a +0 cloak (worn)
 t - a +0 leather armour (worn)
Jewellery
 n - a +4 ring of intelligence (left hand)
Scrolls
 e - a scroll of fear {unknown}
 k - a scroll of remove curse {unknown}
 m - a scroll of blinking {unknown}
 q - a scroll of teleportation {unknown}
 u - a scroll of fog {unknown}
Potions
 f - a potion of brilliance
 g - a potion of cure mutation
 l - 2 potions of curing
 p - a potion of cancellation {unknown}
 r - a potion of flight
 s - a potion of lignification {unknown}
Books
 b - a book of Conjurations

   Spells                             Type                      Level
   a - Magic Dart                     Conjuration                  1
   b - Searing Ray                    Conjuration                  2
   c - Dazzling Spray                 Conjuration/Hexes            3
   d - Fulminant Prism                Conjuration/Hexes            4
   e - Iskenderun's Mystic Blast      Conjuration                  4
   f - Iskenderun's Battlesphere      Conjuration/Charms           5
Comestibles
 c - a bread ration
 d - 2 fruits
 h - 3 meat rations
 i - a beef jerky
 v - 2 chunks of flesh


   Skills:
 + Level 0.5(0.2) Fighting
   Level 0.3(0.0) Maces & Flails
 + Level 0.0 Polearms
 + Level 0.1(0.0) Armour
 * Level 3.1(2.7) Dodging
 + Level 2.8(2.5) Stealth
 * Level 4.0(3.7) Spellcasting
 * Level 4.8(4.4) Conjurations


You had 4 spell levels left.
You knew the following spells:

 Your Spells              Type           Power        Failure   Level  Hunger
a - Magic Dart            Conj           ####         3%          1    None
b - Searing Ray           Conj           ####..       6%          2    #......
c - Dazzling Spray        Conj/Hex       ###.....     21%         3    ###....


Dungeon Overview and Level Annotations

Branches:
Dungeon (3/15)

Altars:


Message History

Casting: Magic Dart
Confirm with . or Enter, or press ? or * to list all spells.
Aiming: Searing Ray
Press: ? - help, Shift-Dir - straight line, f - wight
Aim: a wight, wielding a vampiric battleaxe and wearing a robe The searing ray hits the wight.
The wight is moderately damaged.
The wight hits you with a vampiric battleaxe!
Ouch! That really hurt!
You feel drained.
* * * LOW HITPOINT WARNING * * *
The searing ray hits the wight.
The wight is moderately damaged.
The wight completely misses you.
Unknown command.
The searing ray hits the wight.
The wight is severely damaged.
The wight hits you with a vampiric battleaxe!
Ouch! That really hurt!
You die...

#......# #.####.#
## # #.#
#.#######.## #
#.# #..)....)..#
# #.#
#.######.##.# #
########.# #.#
#.# # #.^......#
#.# #.# ####
###.###########.#
#.#####...
>..........zzz@.#
#.........
........#########
#######.##
..#.##...zzz...
#.#. ..
##.####### #.#. .
### #.#. #.#.
#.#. #.#. #.#.


You could see 3 wights.

Vanquished Creatures
  An adder (D:2)
  2 worms (D:2)
  A giant gecko (D:1)
  3 orcs (D:3)
  3 giant cockroaches
  6 hobgoblins
  4 jackals (D:2)
  A quokka (D:2)
  2 ball pythons
  3 bats
  3 giant newts
  7 goblins
  3 kobolds (D:1)
  4 rats
43 creatures vanquished.

Notes
Turn   | Place    | Note
--------------------------------------------------------------
     0 | D:1      | Kidiri the Deep Elf Conjurer began the quest for the Orb.
     0 | D:1      | Reached XP level 1. HP: 10/10 MP: 6/6
   180 | D:1      | Reached XP level 2. HP: 15/15 MP: 5/8
   184 | D:1      | Learned a level 2 spell: Searing Ray
  1207 | D:2      | Reached XP level 3. HP: 19/19 MP: 8/10
  1212 | D:2      | Learned a level 3 spell: Dazzling Spray
  1987 | D:3      | Mangled by a wight

Vault maps used:
D:1:      dpeg_arrival_tiny_g, corner_web_ring, roderic_ancient_swastika

Action                   || total
-------------------------++-------
Melee: Spear             ||     3
 Cast: Magic Dart        ||    81
       Searing Ray       ||     2
  Use: Scroll            ||     4
 Stab: Sleeping          ||     1
  Eat: Bread ration      ||     1
